 Dungeon Crawl Stone Soup version 0.21.0-30-g47ce8e4 (webtiles) character file.

2219 aspa the Thaumaturge (level 9, 0/76 HPs)
             Began as an Octopode Wizard on Jan 28, 2018.
             Was an Initiate of Vehumet.
             Succumbed to Erica's bolt of poison
             ... on level 8 of the Dungeon.
             The game lasted 00:42:11 (9240 turns).

aspa the Thaumaturge (Octopode Wizard)              Turns: 9240, Time: 00:42:12

Health: 0/76       AC: 30    Str:  6    XL:     9   Next: 35%
Magic:  14/21      EV:  2    Int: 24    God:    Vehumet [......]
Gold:   379        SH:  0    Dex: 10    Spells: 17/30 levels left

rFire    . . .     SeeInvis .   b - +0 trident
rCold    . . .     Gourm    +   (no shield)
rNeg     + + +     Faith    .   (helmet currently unavailable)
rPois    +         Spirit   .   z - amulet of the gourmand
rElec    .         Reflect  .   l - +6 ring of protection
rCorr    +         Harm     .   q - ring of resist corrosion
MR       .....     NoTele   +   (no ring)
Stlth    ++........             o - ring of positive energy
HPRegen  0.22/turn              (no ring)
MPRegen  0.17/turn              (no ring)
                                (no ring)
                                (no ring)

@: lethally poisoned (0 -> -16), tree-form, very slightly contaminated
A: almost no armour, stealthy swim, (amphibious), 8 rings, (constrict 8), low mp
1
a: Renounce Religion


You were on level 8 of the Dungeon.
You worshipped Vehumet.
Vehumet was noncommittal.
You were completely stuffed.
You were a tree.
You visited 2 branches of the dungeon, and saw 9 of its levels.

You collected 379 gold pieces.

Inventory:

Hand Weapons
 a - a +0 whip of freezing
 b - a +0 trident (weapon)
 f - a +4 falchion
 x - a +1 war axe of venom
 A - a +2 dagger of pain
Armour
 t - a +1 hat (melded)
Jewellery
 l - a +6 ring of protection (left branch)
 o - a ring of positive energy (on tentacle)
 q - a ring of resist corrosion (right branch)
 z - an amulet of the gourmand (around neck)
 C - an uncursed ring of ice
Wands
 w - a wand of clouds (3)
 y - a wand of enslavement (5)
 G - a wand of polymorph (17)
Scrolls
 e - 3 scrolls of teleportation
 h - 4 scrolls of remove curse
 k - 2 scrolls of identify
 r - 4 scrolls of fog
Potions
 m - a potion of might
Comestibles
 c - 16 rations


   Skills:
 - Level 2.0 Dodging
 - Level 2.6 Stealth
 + Level 11.1 Spellcasting
 - Level 3.0 Conjurations
 - Level 1.0 Summonings
 - Level 1.0 Translocations


You had 17 spell levels left.
You knew the following spells:

 Your Spells              Type           Power        Failure   Level  Hunger
a - Magic Dart            Conj           ####         1%          1    None
b - Call Imp              Summ           ###.....     4%          2    None
c - Mephitic Cloud        Conj/Pois/Air  ###.....     10%         3    None
d - Blink                 Tloc           N/A          4%          2    None
e - Slow                  Hex            ##......     7%          2    None
f - Conjure Flame         Conj/Fire      ###.....     8%          3    None


Dungeon Overview and Level Annotations

Branches:
Dungeon (8/15)             Temple (1/1) D:6
   Lair: D:8-11

Altars:
Dithmenos
Elyvilon
Fedhas
Gozag
Hepliaklqana
Nemelex Xobeh
Okawaru
Qazlal
Ru
Sif Muna
Trog
Uskayaw
Vehumet
Wu Jian
Xom
Zin
The Shining One

Annotations:
D:7 exclusion: 2 killer bees
D:8 Erica


Innate Abilities, Weirdness & Mutations

You cannot wear most types of armour.
You are very stealthy in the water. (Stealth+)
((You are amphibious.))
You can wear up to eight rings at the same time.
((You can use your tentacles to constrict eight enemies at once.))
((Your skin changes colour to match your surroundings (Stealth+).))
((Your rubbery body absorbs attacks. (AC +1, EV +1)))
((One of your tentacles bears a spike.))
Your magical capacity is low. (-10% MP)


Message History

Erica is engulfed in blazing flames.
Erica points at you and mumbles some strange words.
The bolt of poison hits you!
You are more poisoned.
Ouch! That really hurt!
* * * LOW HITPOINT WARNING * * *
Okay, then.
You turn into a tree.
Your +1 hat melds into your body.
Your roots penetrate the ground.
* * * LOW HITPOINT WARNING * * *
You feel sick.
Erica is engulfed in blazing flames.
A shadow imp comes into view.
Casting: Mephitic Cloud
Confirm with . or Enter, or press ? or * to list all spells.
Aiming: Magic Dart
Press: ? - help, Shift-Dir - straight line, f/p - Erica
Aim: Erica, wielding a scimitar of flaming and wearing a robe (flame, severely wounded)
The magic dart hits Erica.
Erica is severely wounded.
You die...

..%..
.....
.....5
§§§...
#§§§.
§@§
###§#
#<♣.#
#####


You could see Erica and a shadow imp.

Vanquished Creatures
  A kobold demonologist (D:7)
  A hippogriff (D:7)
  A sky beast (D:6)
  3 ogres
  A centaur (D:7)
  3 bullfrogs
  A scorpion (D:4)
  2 howler monkeys
  A crimson imp (D:6)
  2 hounds
  A bullfrog skeleton (D:7)
  2 centaur skeletons
  2 gnoll shamans (D:5)
  2 orc priests
  An iguana (D:4)
  7 orc wizards
  6 worker ants
  4 hound skeletons
  11 gnolls
  A howler monkey skeleton (D:7)
  8 adders
  A shadow imp (D:6)
  2 oozes
  4 adder skeletons
  3 worms
  3 dart slugs
  3 leopard geckos
  18 orcs
  4 giant cockroaches
  8 goblins
  7 hobgoblins
  11 jackals
  3 quokkas
  3 ball pythons
  10 bats
  6 frilled lizards
  2 jackal skeletons (D:4)
  5 kobolds
  A leopard gecko skeleton (D:5)
  7 rats
162 creatures vanquished.

Vanquished Creatures (collateral kills)
  2 adders (D:2)
  2 worms (D:2)
  A leopard gecko (D:1)
  An orc (D:3)
  A hobgoblin (D:2)
  2 jackals (D:2)
  A frilled lizard (D:2)
  A rat (D:2)
11 creatures vanquished.

Grand Total: 173 creatures vanquished

Notes
Turn   | Place    | Note
-------+----------+-------------------------------------------
     0 | D:1      | aspa the Octopode Wizard began the quest for the Orb.
     0 | D:1      | Reached XP level 1. HP: 11/11 MP: 4/4
   138 | D:1      | Reached XP level 2. HP: 17/17 MP: 0/6
   145 | D:1      | Learned a level 2 spell: Call Imp
   810 | D:1      | Reached XP level 3. HP: 21/21 MP: 0/8
   895 | D:1      | Learned a level 3 spell: Mephitic Cloud
   898 | D:1      | Learned a level 2 spell: Blink
  1311 | D:2      | Reached skill level 4 in Spellcasting
  1325 | D:2      | Learned a level 2 spell: Slow
  1423 | D:2      | Reached XP level 4. HP: 27/27 MP: 3/10
  1940 | D:2      | Reached XP level 5. HP: 31/31 MP: 3/11
  2559 | D:3      | Reached skill level 5 in Spellcasting
  2564 | D:3      | Learned a level 3 spell: Conjure Flame
  3092 | D:4      | Reached XP level 6. HP: 34/36 MP: 8/14
  3112 | D:5      | Entered Level 5 of the Dungeon
  3596 | D:4      | Reached skill level 6 in Spellcasting
  3810 | D:4      | Reached XP level 7. HP: 41/41 MP: 2/16
  4394 | D:4      | Reached skill level 7 in Spellcasting
  5209 | D:5      | Reached skill level 8 in Spellcasting
  5213 | D:5      | Reached XP level 8. HP: 46/46 MP: 3/20
  6393 | D:6      | Reached skill level 9 in Spellcasting
  7509 | D:6      | Found a staircase to the Ecumenical Temple.
  7669 | D:7      | Noticed a kobold demonologist
  7693 | D:7      | Killed a kobold demonologist
  7693 | D:7      | Reached skill level 10 in Spellcasting
  7693 | D:7      | Reached XP level 9. HP: 51/51 MP: 15/23
  8095 | Temple   | Entered the Ecumenical Temple
  8394 | Temple   | Became a worshipper of Vehumet
  8483 | Temple   | Gained mutation: Your magical capacity is low. (-10% MP) [potion of mutation]
  8483 | Temple   | Gained mutation: One of your tentacles bears a spike. [potion of mutation]
  8968 | D:7      | Reached skill level 11 in Spellcasting
  9233 | D:8      | Noticed Erica
  9239 | D:8      | HP: 2/76 [poisoned by Erica (bolt of poison)]
  9240 | D:8      | Succumbed to Erica's bolt of poison

Skill      XL: |  1  2  3  4  5  6  7  8  9 |
---------------+----------------------------+-----
Conjurations   | 2 3 |  3.0
Spellcasting   | 4 5 6 8 10 11 | 11.1
Dodging        | |  2.0
Stealth        | |  2.6
Summonings     | |  1.0
Translocations | |  1.0

Action                   |  1- 3 |  4- 6 |  7- 9 || total
-------------------------+-------+-------+-------++-------
Melee: Unarmed           |    37 |       |       ||    37
       Constrict         |     8 |    14 |    28 ||    50
       Tentacles         |     6 |     5 |    14 ||    25
       Flail             |       |     5 |       ||     5
       Whip              |       |    35 |     1 ||    36
       Spear             |       |     3 |    92 ||    95
       Trident           |       |       |    39 ||    39
       Kick              |       |       |     2 ||     2
 Cast: Magic Dart        |    76 |   143 |   234 ||   453
       Call Imp          |     6 |     4 |     2 ||    12
       Mephitic Cloud    |       |     7 |    33 ||    40
       Conjure Flame     |       |     3 |    19 ||    22
       Blink             |       |     1 |     6 ||     7
Evoke: Wand              |       |       |     3 ||     3
  Use: Scroll            |       |       |    11 ||    11
       Potion            |       |       |    11 ||    11
 Stab: Sleeping          |       |     2 |       ||     2
       Confused          |       |       |     3 ||     3
       Distracted        |       |       |     1 ||     1
  Eat: Chunk             |     2 |     7 |    26 ||    35
Armor: Skin              |     5 |    13 |    34 ||    52
Dodge: Dodged            |    33 |    27 |    55 ||   115
